 Dungeon Crawl Stone Soup version 0.27-a0-96-gb51a1d6fd6 (webtiles) character file.

Game seed: 1134770127843731345

53 timneilson the Covered (level 3, -4/23 HPs)
             Began as a Gargoyle Fighter on Jan 20, 2021.
             Slain by Sigmund
             ... wielding a +0 scythe
              (7 damage)
             ... on level 2 of the Dungeon.
             The game lasted 00:01:19 (839 turns).

timneilson the Covered (Gargoyle Fighter)            Turns: 839, Time: 00:01:20

Health: -4/23      AC: 10    Str: 20    XL:     3   Next: 89%
Magic:  3/3        EV:  7    Int:  8    God:
Gold:   45         SH:  0    Dex:  9    Spells: 2/2 levels left

rFire    . . .     SeeInvis .   a - +0 long sword
rCold    . . .     Faith    .   c - +0 kite shield
rNeg     + . .     Spirit   .   b - +0 scale mail
rPois    ∞         Reflect  .   (no helmet)
rElec    +         Harm     .   (no cloak)
rCorr    .         Rampage  .   (no gloves)
Will     .....                  (no boots)
Stlth    ..........             (no amulet)
HPRegen  0.07/turn              (no ring)
MPRegen  0.08/turn              (no ring)

@: confused, mighty
A: negative energy resistance 1, electricity resistance, unbreathing,
petrification resistance, miasma immunity, AC +3
a: no special abilities


You were on level 2 of the Dungeon.
You visited 1 branch of the dungeon, and saw 2 of its levels.

You collected 45 gold pieces.

Inventory:

Hand Weapons
 a - a +0 long sword (weapon)
Armour
 b - a +0 scale mail (worn)
 c - a +0 kite shield (worn)
 h - a cursed +0 chain mail
Jewellery
 g - a cursed amulet of inaccuracy {unknown}
Potions
 e - a potion of mutation {unknown}


   Skills:
 + Level 3.5 Fighting
 * Level 2.3 Long Blades
 * Level 4.0 Armour
 * Level 3.8 Shields


You had 2 spell levels left.
You didn't know any spells.
Your spell library was empty.

Dungeon Overview and Level Annotations

Branches:
Dungeon (2/15)

Altars:

Annotations:
D:2 Sigmund


Innate Abilities, Weirdness & Mutations

You are resistant to torment.
Your stone body is resilient. (AC +3)
You are immune to poison.
You resist negative energy. (rN+)
You are resistant to electric shocks. (rElec)
You can survive without breathing.
You are immune to petrification.
You are immune to miasma.


Message History

You miss the hobgoblin. The adder completely misses you.
The hobgoblin barely misses you. The goblin hits you but does no damage.
The adder barely misses you. Something hits you but does no damage.
The hobgoblin barely misses you.
Unknown command.
You closely miss the goblin. The adder bites you but does no damage.
The goblin hits you but does no damage.
The hobgoblin hits you but does no damage.
The goblin barely misses you. The adder bites you but does no damage.
Something hits you but does no damage.
You miss the goblin. The adder bites you. The hobgoblin barely misses you.
The goblin completely misses you. Something hits you but does no damage.
The adder bites you.
* * * LOW HITPOINT WARNING * * *
The hobgoblin barely misses you.
You miss something. The goblin barely misses you. The adder closely misses you.
The hobgoblin hits you.
* * * LOW HITPOINT WARNING * * *
The goblin hits you but does no damage. Something hits you!
You die...

.#.............# #
.......<...##..# .#
##$............##.##
#..(...........)..#
######)..###.......
#..###..K.....
####.#.....g#
##......###gS#
....[.....##{@##...
...##.#$.(.......(...
## #.#.(............
).#..............
#.##.............. .
#.###.##.#..... ##
#.# ... ....... ..
.>#####..<.. ... # ..


You could see an adder, a hobgoblin, a goblin and a kobold.

Vanquished Creatures
  Jessica (D:2)
  A leopard gecko (D:1)
  A goblin (D:1)
  4 hobgoblins (D:1)
  4 jackals (D:1)
  A quokka (D:2)
  A bat (D:1)
  3 frilled lizards (D:1)
  6 kobolds (D:1)
  5 rats (D:1)
27 creatures vanquished.

Notes
Turn   | Place    | Note
-------+----------+-------------------------------------------
     0 | D:1      | timneilson the Gargoyle Fighter began the quest for the
                  | Orb.
     0 | D:1      | Reached XP level 1. HP: 14/14 MP: 1/1
   385 | D:1      | Reached XP level 2. HP: 19/19 MP: 2/2
   590 | D:1      | Reached XP level 3. HP: 23/23 MP: 3/3
   803 | D:2      | Noticed Jessica
   808 | D:2      | Killed Jessica
   809 | D:2      | Reached skill level 4 in Armour
   816 | D:2      | Noticed Sigmund
   839 | D:2      | Slain by Sigmund

Illustrated notes

Levels and vault maps discovered:
D:1:      dpeg_arrival_rooms_b, layout_basic, serial_bayou_pond_a
D:2:      layout_rooms, regret_index_temple_of_mockery, uniq_sigmund,
          uniq_jessica

Skill      XL: |  1  2  3 |
---------------+----------+-----
Long Blades    | 2 |  2.3
Armour         | 4 |  4.0
Fighting       | |  3.5
Shields        | |  3.8

Action                   || total
-------------------------++-------
Melee: Long sword        ||    96
  Use: Scroll            ||     1
       Potion            ||     1
Armor: Scale mail        ||    93
Dodge: Dodged            ||    44
Block: Kite shield       ||    61
       Rpst.: Long sword ||    15

Table legend: (Time is in decaauts)
 A = Elapsed time spent in this place.
 B = Non-inter-level travel time spent in this place.
 C = Inter-level travel time spent in this place.
 D = Time resting spent in this place.
 E = Time spent auto-exploring this place.
 F = Levels seen in this place.
 G = Mean time per level.
                   A        B        C        D        E       F      G
               +--------+--------+--------+--------+--------+-----+--------+
         Total |    876 |    873 |      3 |      0 |    649 |   2 |  438.0 |
       Dungeon |    876 |    873 |      3 |      0 |    649 |   2 |  438.0 |
               +--------+--------+--------+--------+--------+-----+--------+

Top non-repeatable levels by time:
     D:1: 834 daAuts
     D:2: 41 daAuts
